 Dungeon Crawl Stone Soup version 0.31.0-11-ge490571c62 (webtiles) character file.

Game seed: 6664459764487913704

38 Gadfly the Ruffian (level 3, 0/26 HPs)
             Began as a Demonspawn Shapeshifter on Jan 27, 2024.
             Slain by a gnoll
             ... wielding a +2 halberd of venom
              (9 damage)
             ... on level 1 of the Dungeon.
             The game lasted 00:01:16 (1189 turns).

Gadfly the Ruffian (Demonspawn Shapeshifter)        Turns: 1189, Time: 00:01:17

Health: 0/26       AC:  2    Str: 22    XL:     3   Next: 25%
Magic:  3/3        EV: 12    Int: 10    God:
Gold:   75         SH:  0    Dex: 12    Spells: 2/2 levels left

rFire   . .          .
                       - Unarmed
rCold   + . .        (no shield)
rNeg    . . .        a - +0 animal skin
rPois   .            (helmet currently unavailable)
rElec   .            (cloak currently unavailable)
rCorr   .            (gloves currently unavailable)
SInv    .            (boots currently unavailable)
Will    .....        (no amulet)
Stlth   +            g - ring of protection from cold
HPRegen 0.24/turn    j - +6 ring of strength
MPRegen 0.08/turn

%: no passive effects
@: beast-form
A: beast (slay +1), ignite blood 1
a: Begin Untransformation


You were on level 1 of the Dungeon.
You were a hulking beast.
You visited 1 branch of the dungeon, and saw 2 of its levels.

You collected 75 gold pieces.

Inventory:

Hand Weapons
 b - a +1 heavy spear
Armour
 a - a +0 animal skin (worn)
Jewellery
 g - a ring of protection from cold (left hand)
 j - a +6 ring of strength (right hand)
Talismans
 c - a beast talisman
 d - a flux talisman
 e - a blade talisman
Scrolls
 f - a scroll of identify
Potions
 i - a potion of lignification


   Skills:
 + Level 1.4 Fighting
 * Level 2.4 Dodging
 + Level 2.9 Unarmed Combat
 * Level 1.2 Evocations
 + Level 2.8 Shapeshifting


You had 2 spell levels left.
You didn't know any spells.
Your spell library was empty.

Dungeon Overview and Level Annotations

Branches:
Dungeon (2/15)

Altars:

Shops:
D:1 (


Innate Abilities, Weirdness & Mutations

You are a hulking beast.
Your limbs bulge with bestial killing power. (Slay +1)
Your demonic aura sometimes causes spilled blood to erupt in flames.


Message History

You feel sick.
You climb downwards.
You feel sick. The gnoll misses you.
There is a stone staircase leading up, spattered with blood here.
You feel sick.
You climb upwards.
You feel sick.
There is a stone staircase leading down here.
You start resting.
You feel sick. x3
You are no longer poisoned.
You start resting.
HP restored.
You climb downwards.
The gnoll closely misses you.
There is a stone staircase leading up, spattered with blood here.
The gnoll hits you from afar with a +2 halberd of venom!
Ouch! That really hurt!
The gnoll barely misses you.
You climb upwards.
There is a stone staircase leading down here.
You are too injured to fight recklessly!
You barely miss the gnoll. The gnoll closely misses you.
You hit the gnoll. You punch the gnoll.
The gnoll is severely wounded.
The gnoll is engulfed in blazing flames.
You kill the gnoll!
You see here a +0 flail.
You start resting.
HP restored.
You see here a +0 flail.
There is a stone staircase leading down here.
You climb downwards.
The gnoll closely misses you. The gnoll barely misses you.
There is a stone staircase leading up, spattered with blood here.
The gnoll hits you from afar with a +0 spear.
The gnoll hits you with a +2 halberd of venom!
Ouch! That really hurt!
You are lethally poisoned!
You climb upwards.
* * * LOW HITPOINT WARNING * * *
You feel very sick.
There is a stone staircase leading down here.
You feel better.
The gnoll hits you with a +2 halberd of venom!
You die...

#.### ##.....## #........# #.#
##...## #.###.##.# #.# ##+##
#.###.##.# #.# #.# #.#...##.#
#.# #.# #.#.####.# #.#######
###.##### #.#.# #.# #.......#
#.......# #.#.####.#
#####...###....)#.####........#
#.......#....#h........######
#.......#.#.#.#g########
#.............#.#
###...###.......# #...#
######### #####


You could see a gnoll.

Vanquished Creatures
  2 gnolls (D:1)
  2 dart slugs (D:1)
  An endoplasm (D:1)
  A giant cockroach (D:1)
  2 jackals (D:1)
  A quokka (D:1)
  2 ball pythons (D:1)
  3 frilled lizards (D:1)
  A goblin (D:1)
  A kobold (D:1)
  2 rats (D:1)
18 creatures vanquished.

Notes
Turn   | Place    | Note
-------+----------+-------------------------------------------
     0 | D:1      | Gadfly the Demonspawn Shapeshifter began the quest for the
                  | Orb.
     0 | D:1      | Reached XP level 1. HP: 15/15 MP: 1/1
   350 | D:1      | Gained mutation: Your demonic aura sometimes causes spilled
                  | blood to erupt in flames. [demonic ancestry]
   350 | D:1      | Reached XP level 2. HP: 21/21 MP: 2/2
   499 | D:1      | Reached skill level 1 in Evocations
   774 | D:1      | Found Wotes's Weapon Boutique.
   778 | D:1      | Reached XP level 3. HP: 26/26 MP: 3/3
   931 | D:2      | Found a faded altar of an unknown god.
  1189 | D:1      | Slain by a gnoll

Illustrated notes

Levels and vault maps discovered:
D:1:      mrwooster_arrival_statue, layout_loops_corners, serial_shops,
          nicolae_shop_getting_attention
D:2:      layout_loops_ring, hellmonk_ecumenical_altar_lost_god, uniq_jessica

Skill      XL: |  1  2 |
---------------+-------+-----
Dodging        | 2 |  2.4
Evocations     | 1 |  1.2
Fighting       | |  1.4
Unarmed Combat | |  2.9
Shapeshifting  | |  2.8

Action                     || total
---------------------------++-------
  Melee: Unarmed           ||    44
         Punch             ||     2
         Spear             ||    10
    Use: Scroll            ||     2
         Potion            ||     1
   Stab: Sleeping          ||     1
 Armour: Animal skin       ||    23
  Dodge: Dodged            ||    38
